Map: 이어 제로 - 래더

Players

Rogue

  • Race: Zerg Zerg
  • Spawn Location: 1:00

Solar - Winner!

  • Race: Zerg Zerg
  • Spawn Location: 11:00

Event: IEM Season 13: Katowice (2019)

VOD

Have the link to the VOD?

Description

Time

  • Played on: March 1, 2019, 7:55 a.m.
  • Length: 12:14

All games in this series

Show
View Real Time Build Order
Export as new Build Order

Rogue Zerg 

Build Orders: Hatch First 

Get SALT Encoding   

  12  0:00  Drone  
  13  0:12  Overlord  
  13  0:17  Drone  
  14  0:31  Drone x2  
  16  0:50  Hatchery  
  16  0:52  Drone  
  16  0:56  Drone  
  17  0:59  Drone  
  18  1:10  Extractor  
  17  1:14  Spawning Pool  
  17  1:18  Drone  
  17  1:22  Drone  
  18  1:28  Drone  
  19  1:39  Overlord  
  19  1:49  Drone  
  20  2:01  Queen  
  20  2:02  Queen, Zergling x2, Drone  
  26  2:10  Metabolic Boost  
  26  2:12  Drone  
  27  2:16  Drone  
  27  2:22  Drone  
  29  2:24  Drone  
  30  2:33  Drone  
  30  2:34  Drone  
  32  2:44  Hatchery  
  32  2:47  Drone  
  32  2:48  Drone  
  33  2:54  Overlord  
  33  2:57  Drone  
  34  3:00  Baneling Nest  
  33  3:06  Zergling x2  
  33  3:08  Zergling x2  
  33  3:12  Queen  
  37  3:13  Zergling x2  
  37  3:15  Drone  
  37  3:17  Drone  
  40  3:20  Drone  
  40  3:21  Drone  
  40  3:23  Drone  
  40  3:26  Drone  
  44  3:30  Evolution Chamber  
  43  3:36  Drone  
  43  3:38  Overlord  
  44  3:44  Baneling  
  44  3:53  Overlord  
  43  4:00  Drone  
  43  4:01  Drone x6  
  50  4:03  Zerg Missile Weapons Level 1  
  50  4:08  Zergling x6  
  53  4:16  Drone x2  
  54  4:17  Lair  
  54  4:21  Extractor  
  54  4:22  Extractor  
  52  4:25  Drone x4  
  52  4:26  Drone  
  52  4:30  Drone, Roach Warren  
  52  4:31  Drone x2  
  59  4:32  Drone  
  59  4:34  Drone  
  61  4:39  Zergling x2  
  61  4:40  Zergling x2  
  61  4:41  Overlord  
  63  4:48  Overlord  
  63  4:54  Overlord  
  63  4:55  Drone  
  63  4:58  Drone x2  
  66  5:02  Drone x3  
  66  5:04  Drone x3  
  66  5:05  Drone  
  72  5:11  Extractor x2, Pneumatized Carapace  
  72  5:13  Drone x2  
  72  5:14  Baneling x2  
  72  5:23  Roach x3  
  72  5:25  Extractor, Glial Reconstitution  
  72  5:26  Overseer  
  77  5:29  Drone x2  
  77  5:30  Drone x5  
  77  5:33  Overlord  
  77  5:34  Drone  
  85  5:39  Roach x2  
  85  5:41  Drone  
  85  5:42  Overlord  
  87  5:46  Overlord  
  88  5:50  Roach  
  88  5:51  Baneling x2  
  88  5:52  Roach x2  
  91  5:58  Queen  
  91  6:00  Queen x2  
  91  6:01  Roach  
  99  6:05  Overlord  
  99  6:07  Spore Crawler  
  98  6:11  Zerg Missile Weapons Level 2  
  98  6:15  Roach x3  
  104  6:20  Roach x2  
  104  6:21  Overlord  
  106  6:26  Roach x2  
  106  6:27  Roach x2  
  106  6:29  Roach  
  112  6:38  Hydralisk Den, Drone x4  
  109  6:42  Overlord  
  109  6:43  Burrow  
  109  6:45  Tunneling Claws  
  109  6:47  Drone x2  
  111  6:48  Drone  
  111  6:52  Infestation Pit  
  111  6:53  Spore Crawler  
  111  6:54  Spore Crawler  
  110  6:57  Spore Crawler  
  110  6:58  Spore Crawler  
  110  7:01  Spore Crawler  
  107  7:03  Drone x3  
  107  7:06  Spore Crawler  
  109  7:09  Queen  
  109  7:13  Overlord x2  
  111  7:22  Overlord  
  111  7:24  Spore Crawler  
  111  7:27  Drone x3  
  113  7:31  Queen, Overlord x2  
  113  7:35  Spore Crawler  
  114  7:40  Overlord x2  
  114  7:41  Drone  
  114  7:42  Roach x2  
  119  7:48  Spore Crawler  
  119  7:49  Roach x2  
  120  7:55  Roach, Infestor x2  
  121  8:04  Drone x2  
  111  8:05  Drone  
  111  8:09  Infestor  
  114  8:13  Drone x4  
  114  8:15  Roach x4  
  114  8:18  Infestor  
  114  8:19  Infestor x2  
  118  8:21  Infestor x2  
  118  8:22  Infestor, Zergling x2  
  118  8:23  Zergling x2  
  118  8:26  Roach x3, Infestor  
  118  8:27  Roach  
  120  8:30  Spore Crawler  
  120  8:31  Infestor  
  120  8:34  Infestor x7  
  121  8:37  Infestor x2  
  119  8:41  Roach x2  
  119  8:47  Baneling x4  
  119  8:48  Infestor x8  
  121  8:49  Hatchery  
  120  9:00  Infestor x2  
  120  9:01  Drone x5  
  129  9:09  Zerg Ground Armor Level 1  
  129  9:13  Roach x2  
  129  9:14  Roach x2  
  137  9:18  Overlord x2  
  137  9:25  Roach x2  
  137  9:27  Roach x5  
  137  9:29  Roach x2  
  146  9:38  Infestor  
  125  9:39  Roach x5  
  125  9:40  Drone  
  134  9:46  Infestor  
  134  9:50  Roach x2  
  130  10:00  Queen x3  
  130  10:04  Queen  
  130  10:06  Infestor x2  
  138  10:09  Spore Crawler  
  138  10:11  Spore Crawler  
  138  10:12  Roach  
  138  10:13  Roach  
  140  10:16  Roach  
  140  10:17  Roach  
  144  10:23  Roach x3  
  134  10:33  Infestor x2  
  124  10:35  Queen  
  124  10:37  Roach x3  
  124  10:40  Queen  
  134  10:49  Roach x2  
  134  10:50  Roach x3  
  134  10:51  Roach  
  134  10:55  Roach  
  120  10:57  Roach  
  120  10:58  Roach  
  120  11:01  Roach x2  
  108  11:05  Roach x2  
  108  11:09  Roach  
  94  11:15  Roach x2  
  94  11:20  Roach  
  94  11:24  Infestor  
  89  11:33  Roach x10  
  89  11:39  Spore Crawler  
Show
View Real Time Build Order
Export as new Build Order

Solar Zerg - Winner!

Build Orders: Hatch First, Muta Ling Bane 

Get SALT Encoding   

  12  0:01  Drone  
  13  0:12  Overlord  
  13  0:18  Drone  
  14  0:31  Drone x2  
  16  0:49  Hatchery  
  15  0:52  Drone  
  15  0:56  Drone  
  17  0:58  Drone  
  18  1:10  Extractor  
  17  1:15  Spawning Pool  
  16  1:20  Drone  
  16  1:22  Drone  
  18  1:29  Drone  
  19  1:41  Drone  
  20  1:51  Overlord  
  20  2:02  Queen x2  
  20  2:03  Zergling x2  
  20  2:04  Drone  
  26  2:09  Metabolic Boost  
  26  2:11  Drone  
  26  2:15  Drone  
  28  2:21  Drone  
  28  2:22  Drone  
  30  2:39  Hatchery  
  30  2:42  Drone  
  30  2:45  Drone  
  30  2:50  Drone, Baneling Nest  
  31  2:54  Overlord  
  31  2:57  Zergling x2  
  32  3:00  Drone  
  32  3:05  Drone x2  
  35  3:11  Drone  
  37  3:12  Drone  
  37  3:13  Drone x2  
  37  3:16  Zergling x2  
  40  3:23  Queen  
  40  3:26  Overlord  
  42  3:29  Drone  
  42  3:31  Zergling x2  
  42  3:33  Baneling x2  
  44  3:36  Evolution Chamber  
  43  3:44  Overlord  
  43  3:45  Zergling x2, Drone x2  
  43  3:47  Zergling x2  
  47  3:49  Zergling x2  
  47  3:53  Zergling x2  
  47  3:55  Drone  
  49  3:56  Drone x2  
  49  4:00  Lair  
  49  4:02  Drone  
  52  4:04  Drone  
  52  4:07  Extractor x2, Drone  
  52  4:12  Overlord  
  52  4:13  Drone  
  52  4:15  Drone  
  52  4:16  Drone  
  55  4:18  Drone  
  55  4:20  Drone  
  57  4:26  Drone x2  
  57  4:27  Drone  
  57  4:29  Drone  
  61  4:32  Zergling x4  
  61  4:38  Extractor, Drone x3  
  65  4:39  Drone  
  65  4:41  Zergling x4  
  67  4:47  Roach Warren  
  66  4:55  Extractor  
  66  4:56  Overlord  
  66  4:58  Extractor  
  63  5:00  Queen  
  63  5:04  Spire, Drone  
  63  5:08  Baneling x2  
  63  5:09  Drone  
  63  5:10  Drone  
  63  5:11  Drone  
  66  5:15  Drone x2  
  66  5:16  Drone  
  66  5:20  Overlord  
  69  5:24  Drone x3  
  69  5:27  Overlord  
  72  5:29  Zergling x6  
  72  5:30  Zergling x2  
  72  5:34  Zergling x2  
  72  5:35  Zergling x6  
  80  5:37  Zergling x2  
  81  5:42  Zergling x2  
  81  5:43  Zergling x6  
  81  5:47  Overlord  
  80  5:58  Overlord  
  78  6:14  Baneling x2  
  78  6:16  Mutalisk x9  
  78  6:17  Mutalisk  
  97  6:20  Mutalisk  
  97  6:23  Mutalisk  
  97  6:25  Mutalisk  
  97  6:27  Zergling x2  
  94  6:35  Zergling x10  
  94  6:38  Mutalisk  
  96  6:41  Zerg Flyer Weapons Level 1  
  96  6:45  Overlord  
  96  6:50  Mutalisk x2  
  96  6:52  Zergling x4  
  102  6:57  Mutalisk  
  102  6:58  Zergling x6  
  102  7:00  Zergling x2  
  108  7:02  Zergling x2  
  108  7:06  Mutalisk  
  111  7:08  Overlord  
  111  7:10  Mutalisk  
  111  7:12  Zergling x2  
  114  7:20  Mutalisk  
  111  7:23  Mutalisk  
  111  7:24  Drone  
  111  7:25  Drone  
  111  7:26  Zergling x6  
  111  7:28  Mutalisk  
  120  7:31  Overlord  
  119  7:37  Mutalisk  
  119  7:41  Zergling x10  
  126  7:45  Mutalisk  
  126  7:47  Overlord  
  126  7:50  Mutalisk  
  128  7:58  Mutalisk x2  
  127  8:00  Baneling  
  127  8:03  Overseer  
  127  8:04  Zergling x6  
  127  8:05  Zergling x4  
  134  8:07  Zergling x2  
  134  8:08  Zergling x2  
  131  8:13  Overseer  
  131  8:15  Overseer  
  131  8:18  Mutalisk  
  131  8:19  Overlord  
  132  8:25  Mutalisk  
  134  8:31  Mutalisk  
  134  8:33  Overlord  
  136  8:34  Zergling x2  
  136  8:35  Zergling x8  
  136  8:39  Centrifical Hooks  
  140  8:42  Overseer, Overlord  
  140  8:45  Zergling x4  
  142  8:51  Mutalisk  
  142  8:53  Baneling x6  
  142  8:55  Zergling x2  
  145  8:56  Baneling x2  
  145  8:58  Zergling x2  
  146  9:03  Zergling x4  
  146  9:04  Zergling x2  
  146  9:05  Mutalisk  
  146  9:06  Overseer  
  151  9:10  Mutalisk  
  151  9:11  Zergling x4  
  151  9:14  Zergling x2  
  151  9:16  Zergling x2  
  157  9:21  Mutalisk x2  
  157  9:23  Baneling x2  
  161  9:24  Zergling x4  
  160  9:33  Zergling x2  
  160  9:34  Mutalisk  
  160  9:36  Zergling x4  
  160  9:38  Mutalisk  
  144  9:39  Zergling x2  
  144  9:40  Zergling x8  
  144  9:44  Zergling x2  
  144  9:45  Zergling x2  
  141  9:46  Mutalisk  
  141  9:48  Zergling x2  
  142  9:53  Mutalisk  
  142  9:55  Mutalisk  
  140  10:00  Zergling x2  
  140  10:01  Mutalisk  
  140  10:03  Zergling x2  
  140  10:04  Zergling x2  
  140  10:06  Zergling x2  
  144  10:08  Mutalisk  
  144  10:13  Mutalisk  
  148  10:16  Zergling x12  
  148  10:20  Mutalisk  
  155  10:23  Zergling x4  
  155  10:27  Mutalisk  
  153  10:29  Zergling x2  
  153  10:32  Mutalisk  
  153  10:33  Zergling x6  
  157  10:37  Overlord  
  157  10:38  Mutalisk  
  157  10:41  Zergling x2  
  157  10:42  Zergling x2  
  161  10:45  Mutalisk  
  161  10:49  Mutalisk  
  152  10:52  Zergling x4  
  152  10:53  Zergling x2  
  152  10:54  Zergling x2  
  149  10:58  Mutalisk  
  149  10:59  Zergling x2  
  149  11:03  Mutalisk  
  150  11:05  Zergling x2  
  150  11:06  Zergling x2  
  150  11:07  Mutalisk  
  150  11:10  Zergling x2  
  152  11:12  Zergling x2  
  152  11:13  Overseer  
  152  11:14  Mutalisk  
  152  11:16  Zergling x4  
  154  11:21  Mutalisk  
  154  11:23  Zergling x2  
  154  11:24  Zergling x2  
  149  11:26  Mutalisk  
  149  11:27  Zergling x2  
  149  11:30  Zergling x2  
  145  11:34  Mutalisk  
  145  11:35  Zergling x6  
  145  11:39  Mutalisk  
  140  11:41  Zergling x2  
  140  11:43  Zergling x2  
  140  11:44  Zergling x4  
  140  11:47  Mutalisk  
  141  11:49  Zergling x2  

Tags
 
Add a new tag
Caveats
  • Supply blocks, unpowered buildings, or Contaminate may cause inaccurate times.
  • Supply counts are checked every 10 seconds.